 Dungeon Crawl Stone Soup version 0.18-a0-1186-gd02dc51 (webtiles) character file.

58 Kidiri the Conjurer (level 3, -1/20 HPs)
             Began as a Deep Elf Conjurer on Jan 28, 2016.
             Slain by Natasha (6 damage)
             ... on level 2 of the Dungeon.
             The game lasted 00:04:42 (1646 turns).

Kidiri the Conjurer (Deep Elf Conjurer)             Turns: 1646, Time: 00:04:42

Health: -1/20      AC:  3    Str:  5    XL:     3   Next: 76%
Magic:  6/10       EV: 12    Int: 20    God:
Gold:   71         SH:  0    Dex: 15    Spells: 3 memorised, 3 levels left

rFire  . . .     SeeInvis .     h - +0 club
rCold  . . .     Gourm    .     e - +0 leather armour
rNeg   . . .     Faith    +     (no shield)
rPois  .         Spirit   .     (no helmet)
rElec  .         Dismiss  .     (no cloak)
rCorr  .         Reflect  .     (no gloves)
SustAt .         Harm     .     (no boots)
MR     .....                    i - amulet of faith
Stlth  ++........               (no ring)
                                (no ring)

@: not resistant to hostile enchantments, unstealthy
A: no striking features
a: no special abilities


You were on level 2 of the Dungeon.
You were not hungry.

You visited 1 branch of the dungeon, and saw 2 of its levels.

You collected 71 gold pieces.

Inventory:

Hand Weapons
 h - a +0 club (weapon)
Armour
 a - a +0 robe
 e - a +0 leather armour (worn)
Jewellery
 i - an amulet of faith (around neck)
Scrolls
 d - a scroll of fear {unknown}
 g - a scroll of magic mapping {unknown}
 j - 2 scrolls of enchant weapon {unknown}
 k - a scroll of fog {unknown}
 n - 2 scrolls of identify {unknown}
Potions
 f - a potion of heal wounds {unknown}
 l - a potion of flight
 o - a potion of poison {unknown}
Books
 b - a book of Conjurations

   Spells                             Type                      Level
   a - Magic Dart                     Conjuration                  1
   b - Searing Ray                    Conjuration                  2
   c - Dazzling Spray                 Conjuration/Hexes            3
   d - Fulminant Prism                Conjuration/Hexes            4
   e - Iskenderun's Mystic Blast      Conjuration                  4
   f - Iskenderun's Battlesphere      Conjuration/Charms           5
Comestibles
 c - a bread ration
 m - 4 chunks of flesh


   Skills:
 + Level 0.5 Fighting
 + Level 0.4 Armour
 * Level 3.0 Dodging
 + Level 2.5 Stealth
 * Level 3.7 Spellcasting
 * Level 5.0 Conjurations
 + Level 0.3 Hexes


You had 3 spell levels left.
You knew the following spells:

 Your Spells              Type           Power        Failure   Level  Hunger
a - Magic Dart            Conj           ###.         3%          1    None
b - Searing Ray           Conj           ###...       6%          2    ##.....
c - Dazzling Spray        Conj/Hex       ##......     24%         3    ###....


Dungeon Overview and Level Annotations

Branches:
Dungeon (2/15)

Altars:

Annotations:
D:2 Natasha, Sigmund


Message History

You hit Natasha but do no damage.
Natasha growls.
Natasha barely misses you. Natasha claws you.
Casting: Magic Dart
Confirm with . or Enter, or press ? or * to list all spells.
Aiming: Magic Dart
Press: ? - help, Shift-Dir - straight line, f - Natasha
Aim: Natasha The magic dart hits Natasha.
Natasha is moderately wounded.
Natasha stares at you and mumbles some strange words.
The magic dart hits you!
* * * LOW HITPOINT WARNING * * *
Casting: Magic Dart
Confirm with . or Enter, or press ? or * to list all spells.
Aiming: Dazzling Spray
Press: ? - help, Shift-Dir - straight line, f/p - Natasha
Aim: Natasha (moderately wounded)
The spray of energy misses Natasha.
Natasha claws you.
You die...

#.# #[# #.# ...
##.# #.# #... ..#.#
#..# #.#.# #.h#
#.#.#
#####.@######.#.#
#...........##.#.##
........###.##.#..#
..####.## #.##.##.#
. #. #.##.##.# #.
#.#.#.#.# #.
#..###..# .. ##.##
##รท## #.## ##.#


You could see Natasha.

Vanquished Creatures
  An adder (D:2)
  2 giant geckos (D:1)
  4 bats (D:1)
  2 giant cockroaches
  5 goblins
  5 hobgoblins
  12 jackals
  2 kobolds (D:1)
  3 giant newts
  4 rats (D:1)
40 creatures vanquished.

Notes
Turn   | Place    | Note
--------------------------------------------------------------
     0 | D:1      | Kidiri the Deep Elf Conjurer began the quest for the Orb.
     0 | D:1      | Reached XP level 1. HP: 10/10 MP: 6/6
   147 | D:1      | Reached XP level 2. HP: 12/15 MP: 1/8
   151 | D:1      | Learned a level 2 spell: Searing Ray
   766 | D:1      | Reached XP level 3. HP: 19/19 MP: 7/10
   778 | D:1      | Learned a level 3 spell: Dazzling Spray
  1009 | D:1      | Reached skill level 5 in Conjurations
  1219 | D:2      | Noticed Sigmund
  1642 | D:2      | Noticed Natasha
  1646 | D:2      | Slain by Natasha

Vault maps used:
D:1:      lemuel_arrival_funnel
D:2:      grunt_decor_one_mirror, uniq_sigmund, uniq_natasha

Action                   || total
-------------------------++-------
Melee: Unarmed           ||    11
       Club              ||    18
 Cast: Magic Dart        ||    80
       Dazzling Spray    ||     2
  Use: Potion            ||     2
 Stab: Sleeping          ||     1
  Eat: Chunk             ||     2
